 Dungeon Crawl Stone Soup version 0.31-a0-188-g5e087ee2ca (webtiles) character file.

Game seed: 10958688603288839057

226 qw the Skirmisher (level 5, -1/29 HPs)
             Began as a Deep Elf Hunter on June 23, 2023.
             Succumbed to an orc's poison
             ... on level 3 of the Dungeon.
             The game lasted 00:00:45 (1519 turns).

qw the Skirmisher (Deep Elf Hunter)                 Turns: 1519, Time: 00:00:46

Health: -1/29      AC:  8    Str: 10    XL:     5   Next: 69%
Magic:  7/7        EV:  9    Int: 14    God:
Gold:   203        SH:  0    Dex: 18    Spells: 4/4 levels left

rFire   . . .        Y - +0 shortbow (flame)
rCold   . . .        (shield currently unavailable)
rNeg    . . .        b - +0 scale mail
rPois   .            (no helmet)
rElec   .            (no cloak)
rCorr   .            (no gloves)
SInv    .            e - +1 pair of boots of Eternal Vigilance {+Blink +Inv Regen+ Stlth-}
Will    .....        (no amulet) Stlth
                     (no ring)
HPRegen 1.04/turn    (no ring)
MPRegen 0.10/turn

%: no passive effects
@: lethally poisoned (-1 -> -13)
A: no striking features
a: Evoke Blink, Evoke Invisibility


You were on level 3 of the Dungeon.
You visited 1 branch of the dungeon, and saw 4 of its levels.

You collected 203 gold pieces.


   Skills:
 + Level 1.6 Fighting
 - Level 9.0 Ranged Weapons
 - Level 1.1 Armour
 - Level 2.4 Dodging
 - Level 1.2 Stealth


You had 4 spell levels left.
You didn't know any spells.
Your spell library was empty.

Inventory:

Hand Weapons
 Y - a +0 shortbow of flaming (weapon)
Armour
 b - a +0 scale mail (worn)
 e - the +1 pair of boots of Eternal Vigilance (worn) {+Blink +Inv Regen+ Stlth-}
   (You found it on level 2 of the Dungeon)

   +Inv:      It lets you turn invisible.
   +Blink:    It lets you blink.
   Regen:     It increases your rate of health regeneration.
   Stlth:     It makes you less stealthy.
Jewellery
 c - an amulet of guardian spirit
Scrolls
 a - a scroll of vulnerability {unknown}
 f - a scroll of noise {unknown}
 i - 2 scrolls of identify
Potions
 d - a potion of heal wounds {unknown}
 g - a potion of curing
 h - a potion of degeneration {unknown}
 j - a potion of might {unknown}

Dungeon Overview and Level Annotations

Branches:
Dungeon (4/15)
 Temple: D:4-7

Altars:

Annotations:
D:3 2 transporters, qw's ghost, amateur DEHu


Message History

The orc closely misses you.
You shoot an arrow. The arrow misses the orc wizard.
You feel sick.
The orc hits you with a +0 dagger of venom.
An adder comes into view.
The orc wizard barely misses you. The orc hits you with a +0 short sword.
You shoot an arrow. The arrow barely misses the orc wizard.
You feel sick. The orc hits you with a +0 short sword.
The orc hits you but does no damage.
You are more poisoned.
The orc wizard hits you but does no damage.
You shoot an arrow. The arrow hits the orc wizard.
The arrow burns the orc wizard.
You kill the orc wizard!
You feel very sick. The orc hits you but does no damage.
You are more poisoned.
The orc hits you with a +0 short sword. The orc hits you but does no damage.
The orc barely misses you.
Your Armour skill increases to level 1!
You shoot an arrow. The arrow hits the orc.
The arrow burns the orc.
You kill the orc!
You feel very sick. The orc hits you but does no damage.
You are more poisoned.
You shoot an arrow.
The arrow hits the orc but does no damage.
You feel very sick. The orc barely misses you.
The adder bites you but does no damage.
You shoot an arrow.
The arrow hits the adder but does no damage.
You feel very sick. The orc barely misses you. The adder barely misses you.
You shoot an arrow. The arrow closely misses the adder.
You feel very sick. The adder closely misses you.
The orc hits you but does no damage.
You are lethally poisoned!
The adder bites you but does no damage. The orc barely misses you.
You shoot an arrow. The arrow closely misses the adder.
You die...

.......#....########....
........##....###....##.
...........#......######
..............########..
...)....##..............
...........#............
........##.............#
.....<)o##.##.......)..#
......S@#.)###.........#
.......................#
..........####.........#
......##..# ##........#
.....# #.%# #........#
##### #..# #........#
#%.# ###......# #..#
#####... .... #...


You could see an adder and an orc.

Vanquished Creatures
  A scorpion (D:2)
  Terence (D:2)
  An orc wizard (D:3)
  5 adders
  A worm (D:2)
  4 orcs
  6 ball pythons
  5 bats
  4 endoplasms
  3 giant cockroaches
  5 hobgoblins
  4 kobolds (D:1)
  6 quokkas
  7 frilled lizards
  6 goblins
  4 rats
63 creatures vanquished.

Notes
Turn   | Place    | Note
-------+----------+-------------------------------------------
     0 | D:1      | qw the Deep Elf Hunter began the quest for the Orb.
     0 | D:1      | Reached XP level 1. HP: 12/12 MP: 3/3
     0 | D:1      | 0 ||| qw: Version: 0.3-a-9-g12657ce
     0 | D:1      | 0 ||| qw: Game counter: 3467
     0 | D:1      | 0 ||| qw: Always use a shield: true
     0 | D:1      | 0 ||| qw: God list: Okawaru
     0 | D:1      | 0 ||| qw: Allow faded altars: false
     0 | D:1      | 0 ||| qw: Do Orc after D:15 true
     0 | D:1      | 0 ||| qw: Do second Lair branch before Depths: true
     0 | D:1      | 0 ||| qw: Lair rune preference: random
     0 | D:1      | 0 ||| qw: Plans: Normal
     0 | D:1      | 0 ||| PLANNING D:1-11
    90 | D:1      | Reached XP level 2. HP: 15/16 MP: 4/4
    91 | D:1      | Reached skill level 6 in Ranged Weapons
   417 | D:1      | 417 ||| READING scroll labelled PITERI XACOXURGH.
   418 | D:1      | 418 ||| READING scroll labelled SUHIACKYNU.
   419 | D:1      | 419 ||| READING scroll labelled MYAMIS YW WYOSK.
   420 | D:1      | 420 ||| READING scroll labelled XUTIC CUEGACH.
   421 | D:1      | 421 ||| DRINKING 2 clear potions.
   422 | D:1      | 422 ||| DROPPING scroll of butterflies.
   423 | D:1      | 423 ||| DROPPING potion of brilliance.
   473 | D:2      | Noticed Terence
   479 | D:2      | Killed Terence
   480 | D:2      | Reached skill level 7 in Ranged Weapons
   480 | D:2      | Reached XP level 3. HP: 20/20 MP: 5/5
   582 | D:2      | Reached XP level 4. HP: 25/25 MP: 6/6
   641 | D:2      | Noticed a scorpion
   646 | D:2      | Killed a scorpion
   647 | D:2      | Reached skill level 8 in Ranged Weapons
   647 | D:2      | Reached XP level 5. HP: 22/29 MP: 7/7
   827 | D:2      | Identified the +1 pair of boots of Eternal Vigilance
                  | {+Blink +Inv Regen+ Stlth-}
   908 | D:2      | You fall into a shaft and drop 2 floors!
  1028 | D:4      | 1028 ||| UPGRADING to +0 scale mail.
  1038 | D:4      | 1038 ||| DROPPING +0 leather armour.
  1039 | D:4      | 1039 ||| UPGRADING to +1 pair of boots of Eternal Vigilance
                  | {+Blink +Inv Regen+ Stlth-}.
  1044 | D:4      | 1044 ||| READING scroll labelled UPTYR RIESTRI.
  1045 | D:4      | 1045 ||| READING scroll labelled BUBBIWAYMUN.
  1046 | D:4      | 1046 ||| READING scroll labelled CESATO BUQEX.
  1065 | D:3      | 1065 ||| DRINKING 2 golden potions.
  1460 | D:3      | Found a transporter.
  1460 | D:3      | Noticed a centaur
  1466 | D:3      | Noticed qw's ghost (amateur DEHu)
  1473 | D:3      | Reached skill level 9 in Ranged Weapons
  1481 | D:3      | Found a transporter.
  1515 | D:3      | Reached skill level 1 in Armour
  1517 | D:3      | HP: 5/29 [poisoned by an orc]
  1519 | D:3      | Succumbed to an orc's poison

Levels and vault maps discovered:
D:1:      tarquinn_simple_flora_water_a, layout_rooms, minmay_pentomino_v2
D:2:      layout_loops_ring, minmay_quantized, uniq_terence
D:3:      layout_rooms, gammafunk_ghost_arena
D:4:      layout_loops_ring, serial_shops, shop

Skill      XL: |  1  2  3  4  5 |
---------------+----------------+-----
Ranged Weapons | 7 8 9 |  9.0
Armour         | 1 |  1.1
Fighting       | |  1.6
Dodging        | |  2.4
Stealth        | |  1.2

Action                     |  1- 3 |  4- 6 || total
---------------------------+-------+-------++-------
   Fire: Shortbow          |    69 |   117 ||   186
    Use: Scroll            |     4 |     3 ||     7
         Potion            |     1 |     1 ||     2
 Armour: Leather armour    |     5 |     4 ||     9
         Scale mail        |       |    28 ||    28
  Dodge: Dodged            |    10 |    31 ||    41

Table legend:
 A = Non-vault XP
 B = Vault XP
 C = Vault XP percentage of total XP
 D = Non-vault monster count
 E = Vault monster count
 F = Vault count percentage of total count
                 A         B        C        D         E       F
            +---------+---------+-------+---------+---------+-------
      Total |     271 |      53 |  16.4 |      55 |       8 |  12.7
            +---------+---------+-------+---------+---------+-------
        D:1 |      32 |       2 |   5.9 |      19 |       1 |   5.0
        D:2 |     154 |      51 |  24.9 |      15 |       7 |  31.8
        D:3 |      74 |       0 |   0.0 |      15 |       0 |   0.0
        D:4 |      11 |       0 |   0.0 |       6 |       0 |   0.0
            +---------+---------+-------+---------+---------+-------
